cohdb
Replays
Latest Replays
All Replays
Popular Replays
Top Player Replays
Match Explorer
How It Works
Community
CoH3 Stats
Reddit
Sign in to upload your games and track your stats! →
Sign in with Steam
Match 45299917
Unlisted
Match 45299917
Overview
Messages
Build Orders
End
Vickers Machine Gun Team
Construct Section Command Post
ML 3-inch Mortar Team
Infantry Section
Grenade Package
Infantry Section
Construct Platoon Command Post
Selects Air and Sea Battlegroup
Selects Supply Surplus
Construct Field Infirmary
6-pounder Anti-tank Gun Team
Forward Retreat Point
Humber Armored Car
Incitatus
YangGalbi
CPU - VERY EASY
Microsoft Word
愛宕私の妻です
gr8vibezZ
AliReZaHBk
denisovainga5809
0
0
Comments
sign in to comment!
No comments posted yet!